 Dungeon Crawl Stone Soup version 0.29.0-4-gdea44cf6ec (webtiles) character file.

Game seed: 4315100996898051362

8441 qw the Severer (level 11, -5/97 HPs)
             Began as a Minotaur Fighter on Sept 8, 2022.
             Was a Follower of Ru.
             Slain by a two-headed ogre
             ... wielding a +0 giant club
              (13 damage)
             ... on level 11 of the Dungeon.
             The game lasted 00:04:24 (12786 turns).

qw the Severer (Minotaur Fighter)                  Turns: 12786, Time: 00:04:25

Health: -5/97      AC: 18    Str: 24    XL:     11   Next: 9%
Magic:  0/10       EV:  7    Int:  5    God:    Ru [*.....]
Gold:   613        SH:  5    Dex: 11    Spells: 10/10 levels left

rFire   . . .      SeeInvis +   Y - +3 war axe (venom)
rCold   . . .      Faith    .   c - +0 buckler
rNeg    . . .      Spirit   +   p - +0 plate armour
rPois   .          Reflect  .   (helmet restricted)
rElec   .          Harm     .   f - +0 cloak
rCorr   .          Rampage  .   o - +0 pair of gloves
Will    .....                   l - +0 pair of boots
Stlth   ..........              h - amulet of guardian spirit
HPRegen 0.26/turn               m - ring of see invisible
MPRegen 0.12/turn               (no ring)

@: lethally poisoned (-5 -> -7), about to teleport
A: horns 2, no conjurations magic, no hexes magic, no poison magic, retaliatory
headbutt
a: Renounce Religion, Sacrifice Resistance, Sacrifice Words, Sacrifice Courage,
Reject Sacrifices


You were on level 11 of the Dungeon.
You worshipped Ru.
Ru was aware of your devotion.
You visited 2 branches of the dungeon, and saw 12 of its levels.

You collected 739 gold pieces.
You spent 126 gold pieces at shops.


Innate Abilities, Weirdness & Mutations

You have a pair of horns on your head.
You cannot study or cast Conjurations magic.
You cannot study or cast Hexes magic.
You cannot study or cast Poison magic.
You reflexively headbutt those who attack you in melee.


   Skills:
 - Level 9.0 Fighting
 + Level 15.9 Axes
 - Level 2.0 Throwing
 - Level 9.0 Armour
 - Level 3.0 Dodging
 - Level 5.1 Shields


You had 10 spell levels left.
You didn't know any spells.
Your spell library was empty.

Inventory:

Hand Weapons
 j - a +0 hand axe of flaming
 Y - a +3 war axe of venom (weapon)
Armour
 c - a +0 buckler (worn)
 f - a +0 cloak (worn)
 l - a +0 pair of boots (worn)
 o - a +0 pair of gloves (worn)
 p - a +0 plate armour (worn)
Jewellery
 h - an amulet of guardian spirit (around neck)
 m - a ring of see invisible (left hand)
Scrolls
 a - 7 scrolls of identify
 n - a scroll of summoning {unknown}
Potions
 b - a potion of haste
 d - 4 potions of might
 e - a potion of mutation
 g - 3 potions of curing
 k - a potion of cancellation

Dungeon Overview and Level Annotations

Branches:
Dungeon (11/15)            Temple (1/1) D:7            Lair (0/5) D:11
    Orc: D:9-12

Altars:
Gozag
Hepliaklqana
Makhleb
Nemelex Xobeh
Okawaru
Ru
Sif Muna
Yredelemnul
The Shining One

Shops:
D:3 (   D:4 :   D:9 (*   D:10 [

Annotations:
D:5 1 runed translucent door, qw's ghost, amateur MiBe
D:8 1 runed translucent door, qw's ghost, novice TrCA


Message History

You slash the centaur!
You kill the centaur!
You slash the two-headed ogre!
The two-headed ogre looks as sick as possible!
You hit the centaur.
The centaur is poisoned.
You hit the scorpion but do no damage.
The scorpion is poisoned.
You feel sick. You block the two-headed ogre's attack.
The two-headed ogre barely misses you.
The scorpion stings you but does no damage.
The centaur hits you with a +0 dagger. The centaur closely misses you.
You hit the scorpion.
You kill the scorpion!
You hit the two-headed ogre but do no damage.
The two-headed ogre looks as sick as possible!
You hit the centaur.
You feel sick.
The centaur hits you but does no damage.
You block the centaur's attack.
You hit the two-headed ogre.
The two-headed ogre looks as sick as possible!
The two-headed ogre is severely wounded.
You slash the centaur!
You kill the centaur!
You barely miss the orc priest.
You feel sick.
The two-headed ogre hits you with a +0 giant club!!
You block the two-headed ogre's attack.
12785 ||| READING scroll of teleportation.
As you read the scroll of teleportation, it crumbles to dust.
You feel strangely unstable.
You feel sick.
The orc priest hits you but does no damage.
You barely miss the two-headed ogre. You headbutt the two-headed ogre.
The two-headed ogre is severely wounded.
You closely miss the orc priest.
You feel sick.
The orc priest calls down the wrath of Beogh upon you.
Pain shoots through your body!
The two-headed ogre hits you with a +0 giant club!
You die...

..# #.# ......# #.# #.#
....... .#.# ###.#
.......###.#.# ##.#.#
......P.##.#.# ##.#..#
........##.#.#####.###..
....................#...
......o...##.#######.#.#
......O@..##.# ###.#
......))..##.####### #.#
........P.%......... ..#
..>..........####### ###
.............#
............##
............#
............#
.......##.#


You could see a two-headed ogre (extremely poisoned) and an orc priest.

Vanquished Creatures
  A two-headed ogre (D:9)
  A kobold demonologist (D:10)
  A komodo dragon (D:11)
  A troll (D:9)
  Sigmund (D:4)
  2 wyverns (D:9)
  2 shadows (D:9)
  A wraith (D:11)
  2 vampires
  2 steam dragons
  Menkaure (D:5)
  3 acid dragons
  Duvessa (D:4)
  5 water moccasins
  2 ice beasts
  3 black bears
  4 orc warriors
  11 centaurs
  A phantom (D:5)
  5 kobold brigands
  3 scorpions
  4 bullfrogs
  3 necrophages
  A wight (D:9)
  Dowan (D:4)
  16 killer bees
  2 howler monkeys
  5 hounds
  A gnoll bouda (D:6)
  A jelly (D:5)
  Ijyb (D:5)
  An orc priest (D:4)
  5 iguanas
  Jessica (D:2)
  7 orc wizards
  Robin (D:2)
  12 gnolls
  7 adders
  A shadow imp (D:7)
  2 white imps
  3 ufetubi
  2 worms (D:2)
  3 dart slugs
  29 orcs
  12 endoplasms
  6 giant cockroaches
  14 goblins
  12 hobgoblins
  55 kobolds
  2 quokkas
  5 ball pythons
  4 bats
  4 frilled lizards
  4 rats
  A spectral orc (D:9)
281 creatures vanquished.

Vanquished Creatures (others)
  2 orcs (D:9)
  55 fungi (D:11)
  51 plants (D:11)
108 creatures vanquished.

Grand Total: 389 creatures vanquished

Notes
Turn   | Place    | Note
-------+----------+-------------------------------------------
     0 | D:1      | qw the Minotaur Fighter began the quest for the Orb.
     0 | D:1      | Reached XP level 1. HP: 19/19 MP: 0/0
     0 | D:1      | 0 ||| qw: Version: 0.1-a-112-g44dc6cd
     0 | D:1      | 0 ||| qw: Game counter: 6701
     0 | D:1      | 0 ||| qw: Always use a shield: true
     0 | D:1      | 0 ||| qw: God list: Ru
     0 | D:1      | 0 ||| qw: Allow faded altars: false
     0 | D:1      | 0 ||| qw: Do Orc after D:15 true
     0 | D:1      | 0 ||| qw: Do second Lair branch before Depths: true
     0 | D:1      | 0 ||| qw: Lair rune preference: random
     0 | D:1      | 0 ||| qw: Plans: Normal
     0 | D:1      | 0 ||| PLANNING D:1-11
   205 | D:1      | Reached skill level 3 in Axes
   285 | D:1      | Reached XP level 2. HP: 26/26 MP: 1/1
   530 | D:1      | Reached skill level 4 in Axes
   949 | D:1      | 949 ||| READING 3 scrolls labelled KEDENEFOGO.
   950 | D:1      | 950 ||| READING scroll labelled MIDICSI BOUWOK.
   951 | D:1      | 951 ||| READING scroll labelled QATIPP OJULA.
   952 | D:1      | 952 ||| READING 2 scrolls of identify.
   952 | D:1      | 952 ||| IDENTIFYING bubbling coppery potion
   996 | D:2      | Reached XP level 3. HP: 31/31 MP: 2/2
  1124 | D:2      | 1124 ||| DROPPING +0 club.
  1197 | D:2      | 1197 ||| Stepping ~*~*~tactically~*~*~ (hiding).
  1337 | D:2      | 1337 ||| FLEEEEING.
  1338 | D:2      | 1338 ||| FLEEEEING.
  1341 | D:2      | 1341 ||| FLEEEEING.
  1342 | D:2      | 1342 ||| FLEEEEING.
  1343 | D:2      | 1343 ||| FLEEEEING.
  1346 | D:2      | Noticed Robin
  1347 | D:2      | 1347 ||| Stepping ~*~*~tactically~*~*~ (hiding).
  1348 | D:2      | 1348 ||| Stepping ~*~*~tactically~*~*~ (hiding).
  1353 | D:2      | Killed Robin
  1353 | D:2      | Noticed Jessica
  1354 | D:2      | Reached skill level 5 in Axes
  1354 | D:2      | 1354 ||| Stepping ~*~*~tactically~*~*~ (stealth).
  1364 | D:2      | Killed Jessica
  1365 | D:2      | Reached skill level 1 in Dodging
  1365 | D:2      | Reached XP level 4. HP: 15/39 MP: 3/3
  1398 | D:2      | 1398 ||| FLEEEEING.
  1399 | D:2      | 1399 ||| FLEEEEING.
  1400 | D:2      | 1400 ||| FLEEEEING.
  1401 | D:2      | 1401 ||| FLEEEEING.
  1402 | D:2      | 1402 ||| FLEEEEING.
  1403 | D:2      | 1403 ||| FLEEEEING.
  1404 | D:2      | 1404 ||| FLEEEEING.
  1405 | D:2      | 1405 ||| FLEEEEING.
  1406 | D:2      | 1406 ||| FLEEEEING.
  1407 | D:2      | 1407 ||| FLEEEEING.
  1408 | D:2      | 1408 ||| FLEEEEING.
  1409 | D:2      | 1409 ||| FLEEEEING.
  1410 | D:2      | 1410 ||| FLEEEEING.
  1411 | D:2      | 1411 ||| FLEEEEING.
  1412 | D:2      | 1412 ||| FLEEEEING.
  1414 | D:2      | 1414 ||| FLEEEEING.
  1415 | D:2      | 1415 ||| FLEEEEING.
  1416 | D:2      | 1416 ||| FLEEEEING.
  1417 | D:2      | 1417 ||| FLEEEEING.
  1418 | D:2      | 1418 ||| FLEEEEING.
  1419 | D:2      | 1419 ||| FLEEEEING.
  1420 | D:2      | 1420 ||| STAIRDANCE
  1545 | D:1      | 1545 ||| UPGRADING to +0 chain mail.
  1555 | D:1      | 1555 ||| DROPPING +0 scale mail.
  1556 | D:1      | 1556 ||| READING scroll labelled ADGHYM LIDYH.
  2007 | D:2      | 2007 ||| Stepping ~*~*~tactically~*~*~ (cloud).
  2010 | D:2      | 2010 ||| UPGRADING to +0 pair of boots.
  2015 | D:2      | 2015 ||| READING scroll labelled QAMUAT NIOSEA.
  2016 | D:2      | 2016 ||| READING 3 scrolls of identify.
  2016 | D:2      | 2016 ||| IDENTIFYING metallic blue potion
  2017 | D:2      | 2017 ||| READING 2 scrolls of identify.
  2017 | D:2      | 2017 ||| IDENTIFYING coppery potion
  2018 | D:2      | 2018 ||| Stepping randomly (stuck).
  2019 | D:2      | 2019 ||| Stepping ~*~*~tactically~*~*~ (cloud).
  2337 | D:2      | 2337 ||| READING 3 scrolls of identify.
  2337 | D:2      | 2337 ||| IDENTIFYING ruby potion
  2338 | D:2      | 2338 ||| READING 2 scrolls of identify.
  2338 | D:2      | 2338 ||| IDENTIFYING amethyst potion
  2339 | D:2      | 2339 ||| DROPPING potion of ambrosia.
  2340 | D:2      | 2340 ||| DROPPING potion of attraction.
  2464 | D:3      | Found Kumair Soken's Weapon Shoppe.
  2518 | D:3      | 2518 ||| Stepping ~*~*~tactically~*~*~ (hiding).
  2738 | D:3      | You fall into a shaft and drop 3 floors!
  2763 | D:6      | Noticed a necrophage
  2770 | D:6      | Killed a necrophage
  2771 | D:6      | Reached skill level 6 in Axes
  2771 | D:6      | Reached XP level 5. HP: 36/45 MP: 4/4
  2832 | D:6      | 2832 ||| UPGRADING to +0 pair of gloves.
  2837 | D:6      | 2837 ||| UPGRADING to +0 plate armour.
  2839 | D:6      | 2839 ||| Stepping ~*~*~tactically~*~*~ (stealth).
  2840 | D:6      | 2840 ||| UPGRADING to +0 plate armour.
  2842 | D:6      | 2842 ||| Stepping ~*~*~tactically~*~*~ (hiding).
  2845 | D:6      | 2845 ||| Stepping ~*~*~tactically~*~*~ (hiding).
  2873 | D:6      | 2873 ||| UPGRADING to +0 plate armour.
  2883 | D:6      | 2883 ||| DROPPING +0 chain mail.
  2884 | D:6      | 2884 ||| READING scroll labelled VESIHOOWON.
  2885 | D:6      | 2885 ||| DROPPING +0 flail.
  2886 | D:6      | 2886 ||| Stepping ~*~*~tactically~*~*~ (stealth).
  2891 | D:5      | Entered Level 5 of the Dungeon
  2891 | D:5      | Noticed Ijyb
  2891 | D:5      | Found a glowing golden altar of the Shining One.
  2899 | D:5      | Killed Ijyb
  2900 | D:5      | Reached skill level 7 in Axes
  2904 | D:5      | HP: 11/46 [poisoned by Ijyb]
  2909 | D:5      | 2909 ||| DRINKING potion of heal wounds.
  2920 | D:5      | Reached XP level 6. HP: 46/52 MP: 5/5
  3099 | D:4      | 3099 ||| READING 2 scrolls of identify.
  3099 | D:4      | 3099 ||| IDENTIFYING viscous puce potion
  3341 | D:3      | 3341 ||| READING scroll of enchant weapon.
  3341 | D:3      | 3341 ||| ENCHANTING +1 war axe of flaming.
  3509 | D:4      | Found a burning altar of Makhleb.
  3522 | D:4      | 3522 ||| Stepping ~*~*~tactically~*~*~ (hiding).
  3529 | D:4      | Reached skill level 1 in Throwing
  3676 | D:4      | 3676 ||| READING scroll of brand weapon.
  3676 | D:4      | 3676 ||| BRANDING +2 war axe of flaming.
  3710 | D:4      | Found Arob's Book Boutique.
  3798 | D:4      | Noticed Sigmund
  3805 | D:4      | Killed Sigmund
  3806 | D:4      | Reached skill level 8 in Axes
  3916 | D:4      | Reached XP level 7. HP: 59/59 MP: 6/6
  4054 | D:4      | Noticed Duvessa
  4054 | D:4      | Noticed Dowan
  4055 | D:4      | 4055 ||| Stepping ~*~*~tactically~*~*~ (hiding).
  4062 | D:4      | Killed Duvessa
  4063 | D:4      | Reached skill level 9 in Axes
  4071 | D:4      | Killed Dowan
  4172 | D:4      | Identified the +4 spear "Neskomy" {vorpal, rElec rC+}
  4562 | D:4      | 4562 ||| DRINKING 2 fizzy white potions.
  4666 | D:4      | 4666 ||| DRINKING 3 brown potions.
  4667 | D:4      | 4667 ||| DRINKING 3 black potions.
  4668 | D:4      | 4668 ||| READING 3 scrolls of identify.
  4668 | D:4      | 4668 ||| IDENTIFYING sedimented sapphire potion
  4669 | D:4      | 4669 ||| DROPPING potion of flight.
  4670 | D:4      | 4670 ||| DROPPING potion of berserk rage.
  4671 | D:4      | 4671 ||| DROPPING 2 potions of magic.
  4672 | D:4      | 4672 ||| DROPPING 2 potions of brilliance.
  4721 | D:5      | 4721 ||| STAIRDANCE
  4878 | D:5      | Found an opulent altar of Gozag.
  4906 | D:5      | Noticed Menkaure
  4920 | D:5      | Killed Menkaure
  5093 | D:5      | 5093 ||| DROPPING +0 whip.
  5109 | D:5      | Found a runed translucent door.
  5120 | D:5      | Reached skill level 10 in Axes
  5120 | D:5      | Noticed qw's ghost (amateur MiBe)
  5246 | D:5      | Reached XP level 8. HP: 65/68 MP: 7/7
  5361 | D:5      | 5361 ||| Stepping ~*~*~tactically~*~*~ (stealth).
  5364 | D:5      | 5364 ||| Stepping ~*~*~tactically~*~*~ (stealth).
  5490 | D:5      | Reached skill level 6 in Fighting
  5850 | D:5      | 5850 ||| Stepping ~*~*~tactically~*~*~ (stealth).
  5893 | D:5      | 5893 ||| Stepping ~*~*~tactically~*~*~ (stealth).
  6083 | D:5      | Reached skill level 11 in Axes
  6550 | D:5      | 6550 ||| READING scroll labelled IZOWIR JITHROIMUFE.
  6551 | D:5      | 6551 ||| READING scroll labelled FERCHA IKLEYMN.
  6552 | D:5      | 6552 ||| READING scroll labelled CUOBLE YHYAMA.
  6555 | D:5      | 6555 ||| READING 3 scrolls of identify.
  6555 | D:5      | 6555 ||| IDENTIFYING puce potion
  6556 | D:5      | 6556 ||| DROPPING potion of degeneration.
  6890 | D:6      | 6890 ||| Stepping ~*~*~tactically~*~*~ (hiding).
  6902 | D:6      | Reached XP level 9. HP: 47/75 MP: 8/8
  7166 | D:6      | 7166 ||| READING 3 scrolls of identify.
  7166 | D:6      | 7166 ||| IDENTIFYING white potion
  7167 | D:6      | 7167 ||| DROPPING potion of invisibility.
  7192 | D:7      | Reached skill level 12 in Axes
  7192 | D:7      | 7192 ||| STAIRDANCE
  7291 | D:7      | Found an iron altar of Okawaru.
  7379 | D:7      | Found a staircase to the Ecumenical Temple.
  7380 | D:7      | 7380 ||| PLANNING TEMPLE
  7380 | D:7      | 7380 ||| READING scroll labelled KYZASTEOGA.
  7489 | Temple   | Entered the Ecumenical Temple
  7499 | Temple   | Became a worshipper of Ru the Awakened
  7505 | Temple   | 7505 ||| PLANNING D:1-11
  7658 | D:7      | 7658 ||| Stepping ~*~*~tactically~*~*~ (stealth).
  7659 | D:7      | 7659 ||| Stepping ~*~*~tactically~*~*~ (stealth).
  7671 | D:7      | Reached skill level 6 in Armour
  7708 | D:7      | 7708 ||| Stepping ~*~*~tactically~*~*~ (stealth).
  7709 | D:7      | 7709 ||| Stepping ~*~*~tactically~*~*~ (stealth).
  7716 | D:7      | 7716 ||| Stepping ~*~*~tactically~*~*~ (stealth).
  7717 | D:7      | 7717 ||| Stepping ~*~*~tactically~*~*~ (stealth).
  7844 | D:7      | Found a flagged portal.
  8029 | D:7      | 8029 ||| Stepping ~*~*~tactically~*~*~ (stealth).
  8031 | D:7      | 8031 ||| Stepping ~*~*~tactically~*~*~ (hiding).
  8433 | D:7      | 8433 ||| UPGRADING to amulet of guardian spirit.
  8438 | D:7      | 8438 ||| READING scroll labelled HEDIBBI YQOTE.
  8485 | D:8      | 8485 ||| Stepping ~*~*~tactically~*~*~ (stealth).
  8511 | D:8      | 8511 ||| Stepping ~*~*~tactically~*~*~ (stealth).
  8514 | D:8      | 8514 ||| Stepping ~*~*~tactically~*~*~ (stealth).
  8529 | D:8      | 8529 ||| Stepping ~*~*~tactically~*~*~ (stealth).
  8537 | D:8      | 8537 ||| Stepping ~*~*~tactically~*~*~ (stealth).
  8538 | D:8      | 8538 ||| Stepping ~*~*~tactically~*~*~ (stealth).
  8548 | D:8      | Reached skill level 13 in Axes
  8686 | D:8      | Found a sparkling altar of Nemelex Xobeh.
  8694 | D:8      | 8694 ||| Stepping ~*~*~tactically~*~*~ (stealth).
  8696 | D:8      | 8696 ||| Stepping ~*~*~tactically~*~*~ (hiding).
  8697 | D:8      | 8697 ||| Stepping ~*~*~tactically~*~*~ (hiding).
  8797 | D:8      | 8797 ||| FLEEEEING.
  8799 | D:8      | 8799 ||| FLEEEEING.
  8800 | D:8      | 8800 ||| FLEEEEING.
  8801 | D:8      | 8801 ||| FLEEEEING.
  8802 | D:8      | 8802 ||| FLEEEEING.
  8806 | D:8      | 8806 ||| FLEEEEING.
  8807 | D:8      | 8807 ||| FLEEEEING.
  8808 | D:8      | 8808 ||| FLEEEEING.
  8809 | D:8      | 8809 ||| STAIRDANCE
  8940 | D:8      | 8940 ||| DROPPING +0 flail.
  8946 | D:8      | 8946 ||| Stepping ~*~*~tactically~*~*~ (stealth).
  8975 | D:8      | 8975 ||| Stepping ~*~*~tactically~*~*~ (hiding).
  9334 | D:8      | Found a runed translucent door.
  9335 | D:8      | Noticed qw's ghost (novice TrCA)
  9438 | D:8      | 9438 ||| READING scroll labelled SAURHEUNAD.
  9481 | D:9      | 9481 ||| INVOKING Sacrifice Arcana.
  9481 | D:9      | Gained mutation: You cannot study or cast Poison magic. [Ru
                  | sacrifice]
  9481 | D:9      | Gained mutation: You cannot study or cast Hexes magic. [Ru
                  | sacrifice]
  9481 | D:9      | Gained mutation: You cannot study or cast Conjurations
                  | magic. [Ru sacrifice]
  9481 | D:9      | Reached * piety under Ru
  9483 | D:9      | 9483 ||| Stepping ~*~*~tactically~*~*~ (hiding).
  9484 | D:9      | 9484 ||| Stepping ~*~*~tactically~*~*~ (hiding).
  9760 | D:9      | Noticed a troll
  9766 | D:9      | Killed a troll
  9767 | D:9      | Reached XP level 10. HP: 75/88 MP: 7/9
  9991 | D:9      | Found Roikox's Weapon Emporium.
  9994 | D:9      | 9994 ||| READING scroll of enchant weapon.
  9994 | D:9      | 9994 ||| ENCHANTING +2 war axe of venom.
 10114 | D:9      | Found Founusme's Demolitions Depot.
 10154 | D:9      | Found a basalt altar of Yredelemnul.
 10221 | D:9      | 10221 ||| Stepping ~*~*~tactically~*~*~ (stealth).
 10348 | D:9      | Reached skill level 14 in Axes
 10371 | D:9      | Noticed a two-headed ogre
 10391 | D:9      | Killed a two-headed ogre
 10392 | D:9      | Reached skill level 15 in Axes
 10394 | D:9      | HP: 20/88 [something (13)]
 10395 | D:9      | 10395 ||| READING scroll of teleportation.
 10705 | D:9      | Reached skill level 3 in Dodging
 11288 | D:9      | 11288 ||| READING scroll labelled GIVVAOCR DOSI.
 11289 | D:9      | 11289 ||| READING scroll labelled MUSODURROE.
 11290 | D:9      | 11290 ||| READING 8 scrolls of identify.
 11290 | D:9      | 11290 ||| IDENTIFYING metallic brown potion
 11299 | D:10     | Entered Level 10 of the Dungeon
 11314 | D:10     | Found a hazy altar of Hepliaklqana.
 11324 | D:10     | 11324 ||| Stepping ~*~*~tactically~*~*~ (stealth).
 11390 | D:10     | Reached skill level 9 in Fighting
 11513 | D:10     | 11513 ||| Stepping ~*~*~tactically~*~*~ (stealth).
 11525 | D:10     | 11525 ||| Stepping ~*~*~tactically~*~*~ (stealth).
 11621 | D:10     | 11621 ||| Stepping ~*~*~tactically~*~*~ (hiding).
 11683 | D:10     | Found Vuamaoz's Antique Armour Emporium.
 11694 | D:10     | 11694 ||| BUYING cloak (126 gold).
 11694 | D:10     | Bought a cloak for 126 gold pieces
 11935 | D:10     | 11935 ||| UPGRADING to +0 cloak.
 11945 | D:10     | 11945 ||| DRINKING 3 potions of curing.
 11945 | D:10     | 11945 ||| (to cure confusion)
 12017 | D:10     | 12017 ||| UPGRADING to ring of see invisible.
 12278 | D:11     | Reached skill level 9 in Armour
 12647 | D:11     | 12647 ||| Stepping ~*~*~tactically~*~*~ (stealth).
 12715 | D:11     | 12715 ||| Stepping ~*~*~tactically~*~*~ (stealth).
 12752 | D:11     | 12752 ||| Stepping ~*~*~tactically~*~*~ (stealth).
 12753 | D:11     | 12753 ||| Stepping ~*~*~tactically~*~*~ (stealth).
 12764 | D:11     | 12764 ||| Stepping ~*~*~tactically~*~*~ (stealth).
 12770 | D:11     | Reached XP level 11. HP: 97/97 MP: 10/10
 12771 | D:11     | Found a staircase to the Lair.
 12773 | D:11     | Noticed a two-headed ogre
 12784 | D:11     | HP: 12/97 [two-headed ogre/+0 giant club (26)]
 12785 | D:11     | 12785 ||| READING scroll of teleportation.
 12786 | D:11     | Slain by a two-headed ogre

Levels and vault maps discovered:
D:1:      dpeg_arrival_shelter, layout_loops_ring, minmay_misc_feat_room
D:2:      layout_basic, lemuel_old_faithful, uniq_robin, uniq_jessica
D:3:      layout_loops_ring, serial_shops, shop, corexii_shack
D:4:      layout_basic, lemuel_tele_altar, serial_shops, nicolae_lakefront_shop,
          uniq_sigmund, uniq_duvessa
D:5:      minmay_goblin_kobold_castle, layout_basic,
          mainiacjoe_overflow_concentric_impassable, mainiacjoe_overflow_paths,
          gammafunk_ghost_grave, serial_corexii_hall, chequers_hall_statues_y,
          corexii_hall_statues_l, uniq_ijyb, uniq_menkaure
D:6:      layout_rooms
D:7:      layout_basic, general_overflow_altar,
          minmay_temple_entry_drinking_statues, enter_bailey_2,
          hangedman_decor_points, st_stairs_4
D:8:      layout_cave_pools, lemuel_crystal_altar,
          ebering_ghost_reflecting_pool, st_stairs_7
D:9:      minmay_clustersquares, layout_layer_cave,
          yredelemnul_forgotten_temple_becter, serial_shops,
          nicolae_take_the_stairs, nicolae_blasting_shop, dk_noncrumbling_2,
          kennysheep_generic_room_6
D:10:     layout_loops_ring, mainiacjoe_overflow_small_starburst, serial_shops,
          nicolae_shop_window_shopping
D:11:     layout_loops_ring, due_lair_maze_entry_diamond, nicolae_diode_stairs
Temple:   bh_familiar_temple

Skill      XL: |  1  2  3  4  5  6  7  8  9 10 |
---------------+-------------------------------+-----
Axes           | 3 4 5 6 7 8 10 11 13 15 | 15.9
Dodging        | 1 2 3 |  3.0
Fighting       | 4 5 6 8 9 |  9.0
Throwing       | 1 2 |  2.0
Armour         | 4 5 7 9 |  9.0
Shields        | 4 5 |  5.1

Action                   |  1- 3 |  4- 6 |  7- 9 | 10-12 || total
-------------------------+-------+-------+-------+-------++-------
Melee: War axe           |    84 |    96 |   259 |   178 ||   617
       Headbutt          |     9 |    11 |    29 |    32 ||    81
Throw: Boomerang         |       |    22 |    57 |     7 ||    86
       Javelin           |       |    19 |    30 |       ||    49
Invok: Sacrifice Arcana  |       |       |     1 |       ||     1
  Use: Scroll            |     4 |    10 |     9 |     6 ||    29
       Potion            |       |     1 |     3 |     1 ||     5
 Stab: Distracted        |       |       |     1 |       ||     1
Armor: Scale mail        |    31 |       |       |       ||    31
       Chain mail        |       |    24 |       |       ||    24
       Plate armour      |       |    24 |   155 |    79 ||   258
Dodge: Dodged            |    30 |    19 |    80 |    40 ||   169
Block: Buckler           |    18 |    18 |    42 |    34 ||   112

Table legend:
 A = Non-vault XP
 B = Vault XP
 C = Vault XP percentage of total XP
 D = Non-vault monster count
 E = Vault monster count
 F = Vault count percentage of total count
                 A         B        C        D         E       F
            +---------+---------+-------+---------+---------+-------
      Total |    7550 |    4509 |  37.4 |     189 |      92 |  32.7
            +---------+---------+-------+---------+---------+-------
        D:1 |      40 |       0 |   0.0 |      23 |       0 |   0.0
        D:2 |      58 |      67 |  53.6 |      16 |      10 |  38.5
        D:3 |      39 |       2 |   4.9 |      18 |       1 |   5.3
        D:4 |     174 |     447 |  72.0 |      18 |       3 |  14.3
        D:5 |     714 |     594 |  45.4 |      18 |      52 |  74.3
        D:6 |     688 |       0 |   0.0 |      19 |       0 |   0.0
        D:7 |     738 |      43 |   5.5 |       8 |       2 |  20.0
        D:8 |    1005 |     271 |  21.2 |      17 |       2 |  10.5
        D:9 |    1188 |    2140 |  64.3 |      17 |      13 |  43.3
       D:10 |    1363 |       0 |   0.0 |      22 |       0 |   0.0
       D:11 |    1543 |     945 |  38.0 |      13 |       9 |  40.9
            +---------+---------+-------+---------+---------+-------
